 Dungeon Crawl Stone Soup version 0.26-a0-712-ga5a9c9c9d0 (webtiles) character file.

Game seed: 15555080470708491281

525 kae the Insei (level 7, -2/45 HPs)
             Began as an Octopode Transmuter on Nov 11, 2020.
             Slain by a centaur (6 damage)
             ... on level 5 of the Dungeon.
             The game lasted 00:03:50 (4794 turns).

kae the Insei (Octopode Transmuter)                 Turns: 4794, Time: 00:03:51

Health: -2/45      AC:  3    Str: 11    XL:     7   Next: 22%
Magic:  9/11       EV: 14    Int: 15    God:
Gold:   304        SH:  0    Dex: 13    Spells: 8/12 levels left

rFire    . . .     SeeInvis .     - Unarmed
rCold    . . .     Faith    .   (no shield)
rNeg     . . .     Spirit   .   o - +2 hat
rPois    .         Reflect  .   (no amulet)
rElec    .         Harm     .   j - ring of protection from magic
rCorr    .         Rampage  .   (no ring)
MR       +....                  (no ring)
Stlth    ++........             (no ring)
HPRegen  0.15/turn              (no ring)
MPRegen  0.12/turn              (no ring)
                                (no ring)
                                (no ring)

@: lethally poisoned (-2 -> -3), very slightly contaminated
A: almost no armour, stealthy swim, amphibious, 8 rings, constrict 8, camouflage
1, gelatinous body 1
a: no special abilities


You were on level 5 of the Dungeon.
You visited 1 branch of the dungeon, and saw 5 of its levels.

You collected 304 gold pieces.

Inventory:

Armour
 o - a +2 hat (worn)
Jewellery
 i - an uncursed ring of wizardry {unknown}
 j - a ring of protection from magic (left tentacle)
 m - an uncursed amulet of guardian spirit
 p - a +4 ring of protection {unknown}
Scrolls
 a - a scroll of teleportation {unknown}
 b - 3 scrolls of amnesia
 c - 2 scrolls of blinking
 f - a scroll of remove curse {unknown}
 h - a scroll of fog
 k - a scroll of magic mapping
Potions
 d - 6 potions of stabbing
 e - a potion of might
 g - a potion of curing {unknown}
 l - a potion of mutation {unknown}
 n - a potion of invisibility {unknown}


   Skills:
 + Level 2.8 Fighting
 + Level 3.4 Dodging
 * Level 5.0 Unarmed Combat
 - Level 3.0 Spellcasting
 * Level 4.3 Transmutations


You had 8 spell levels left.
You knew the following spells:

 Your Spells              Type           Power        Failure   Level
a - Beastly Appendage     Tmut           ###...       3%          1
b - Spider Form           Tmut/Pois      #.........   26%         3

Your spell library contained the following spells:

 Spells                   Type           Power        Failure   Level
 Wereblood                Tmut           ###.....     5%          2
 Magic Dart               Conj           #...         21%         1
 Blink                    Tloc           N/A          30%         2
 Call Imp                 Summ           #.......     30%         2
 Slow                     Hex            #.......     30%         2
 Conjure Flame            Conj/Fire      #.......     52%         3
 Mephitic Cloud           Conj/Pois/Air  #.......     52%         3
 Ice Form                 Ice/Tmut       #.......     63%         4
 Blade Hands              Tmut           ###.......   67%         5


Dungeon Overview and Level Annotations

Branches:
Dungeon (5/15)             Temple (0/1) D:4

Altars:
Makhleb
Okawaru
Qazlal
Yredelemnul
The Shining One


Innate Abilities, Weirdness & Mutations

You cannot wear most types of armour.
You are very stealthy in the water. (Stealth+)
You are amphibious.
You can wear up to eight rings at the same time.
You can use your tentacles to constrict eight enemies at once.
Your skin changes colour to match your surroundings (Stealth+).
Your rubbery body absorbs attacks. (AC +1, EV +1)


Message History

[Y]es or [N]o only, please.
The spell is quite dangerous to cast (26% risk of failure)!
Continue anyway?
You miscast Spider Form.
You are very lightly contaminated with residual magic.
You feel rather nauseous for a moment!
You are poisoned.
You feel sick.
You feel sick.
The centaur shouts!
The centaur wields a +0 shortbow.
The centaur shoots an arrow.
The arrow hits you!
You see here an arrow.
You feel sick.
You start resting.
The centaur shoots an arrow.
The arrow hits you.
The centaur shoots an arrow.
The arrow hits you!
* * * LOW HITPOINT WARNING * * *
You see here 2 arrows.
You feel sick.
The centaur unwields a +0 shortbow.
The centaur hits you.
You die...

...# .... ... ######.###
#........ ########c#....#
#
........@..#.##########.#
#########($......<.....†..
#.......(......#.#######.#
#.######.......#... #
#?............
#...............
#.....########## #.....)$
##.##.###


You could see a centaur.

Vanquished Creatures
  An ogre (D:4)
  A howler monkey (D:4)
  A hound (D:5)
  4 orc wizards
  An iguana (D:4)
  Jessica (D:2)
  3 worker ants (D:4)
  3 adders
  An ooze (D:1)
  2 worms
  A dart slug (D:2)
  5 leopard geckos
  7 orcs
  5 giant cockroaches
  12 goblins
  5 hobgoblins
  10 jackals
  2 quokkas
  7 bats
  4 frilled lizards
  3 kobolds
  7 rats
86 creatures vanquished.

Notes
Turn   | Place    | Note
-------+----------+-------------------------------------------
     0 | D:1      | kae the Octopode Transmuter began the quest for the Orb.
     0 | D:1      | Reached XP level 1. HP: 13/13 MP: 3/3
   556 | D:1      | Reached XP level 2. HP: 15/18 MP: 3/5
  1066 | D:1      | Reached XP level 3. HP: 11/23 MP: 4/6
  1805 | D:2      | Noticed Jessica
  1816 | D:2      | Killed Jessica
  1816 | D:2      | Reached XP level 4. HP: 25/28 MP: 7/7
  1926 | D:2      | Found an iron altar of Okawaru.
  1926 | D:2      | Found a glowing golden altar of the Shining One.
  1932 | D:2      | Found a burning altar of Makhleb.
  1934 | D:2      | Found a basalt altar of Yredelemnul.
  1936 | D:2      | Found a stormy altar of Qazlal.
  2935 | D:3      | Reached XP level 5. HP: 34/34 MP: 6/8
  3052 | D:3      | Reached skill level 4 in Unarmed Combat
  3306 | D:3      | Learned a level 3 spell: Spider Form
  3667 | D:4      | Reached XP level 6. HP: 35/39 MP: 7/10
  4426 | D:4      | Reached XP level 7. HP: 24/45 MP: 9/11
  4632 | D:4      | Found a staircase to the Ecumenical Temple.
  4721 | D:5      | Entered Level 5 of the Dungeon
  4730 | D:5      | Reached skill level 5 in Unarmed Combat
  4794 | D:5      | Slain by a centaur

Illustrated notes

Levels and vault maps discovered:
D:1:      erik_arrival_blinker_ship, layout_basic, serial_curves,
          eino_curves_03, eino_curves_03
D:2:      layout_loops_ring, chequers_temple_overflow_minitemple,
          minmay_misc_feat_rows, uniq_jessica
D:3:      layout_loops_cross, hex_large, kennysheep_generic_room_11
D:4:      layout_basic, minmay_temple_entry_overgrown, minmay_fountain_box
D:5:      layout_basic

Skill      XL: |  1  2  3  4  5  6  7 |
---------------+----------------------+-----
Transmutations | 3 4 |  4.3
Fighting       | 2 |  2.8
Unarmed Combat | 4 5 |  5.0
Dodging        | 3 |  3.4
Spellcasting   | 3 |  3.0

Action                   |  1- 3 |  4- 6 |  7- 9 || total
-------------------------+-------+-------+-------++-------
Melee: Unarmed           |    68 |   144 |     3 ||   215
       Constrict         |    15 |    34 |     2 ||    51
       Kick              |     6 |    14 |     3 ||    23
       Punch             |     2 |     5 |       ||     7
       Tentacles         |     9 |    22 |       ||    31
 Cast: Beastly Appendage |    12 |    19 |     2 ||    33
       Spider Form       |       |     4 |       ||     4
  Use: Scroll            |     4 |     5 |       ||     9
 Stab: Sleeping          |     3 |     3 |       ||     6
       Distracted        |       |     1 |       ||     1
Armor: Skin              |     4 |    11 |       ||    15
Dodge: Dodged            |    47 |   105 |     1 ||   153

Table legend: (Time is in decaauts)
 A = Elapsed time spent in this place.
 B = Non-inter-level travel time spent in this place.
 C = Inter-level travel time spent in this place.
 D = Time resting spent in this place.
 E = Time spent auto-exploring this place.
 F = Levels seen in this place.
 G = Mean time per level.
                   A        B        C        D        E       F      G
               +--------+--------+--------+--------+--------+-----+--------+
         Total |   4777 |   4613 |    164 |    288 |   3689 |   5 |  955.4 |
       Dungeon |   4777 |   4613 |    164 |    288 |   3689 |   5 |  955.4 |
               +--------+--------+--------+--------+--------+-----+--------+

Top non-repeatable levels by time:
     D:1: 1557 daAuts
     D:4: 1212 daAuts
     D:2: 1045 daAuts
     D:3: 888 daAuts
     D:5: 72 daAuts
